 Dungeon Crawl Stone Soup version 0.30-a0-42-g806c11bf1d (webtiles) character file.

Game seed: 3920154733216864899

12102 SensoryNuts the Fencer (level 11, -5/97 HPs)
             Began as a Minotaur Fighter on Aug 30, 2022.
             Slain by an angel
             ... wielding a +1 sacred scourge of holy wrath
              (6 damage)
             ... on level 2 of the Abyss.
             The game lasted 00:16:13 (10868 turns).

SensoryNuts the Fencer (Minotaur Fighter)          Turns: 10868, Time: 00:16:14

Health: -5/97      AC: 22    Str: 21    XL:     11   Next: 58%
Magic:  10/10      EV:  5    Int:  5    God:
Gold:   991        SH: 11    Dex: 16    Spells: 10/10 levels left

rFire   . . .      SeeInvis .    a - +4 long sword (vorpal)
rCold   . . .      Faith    .    y - +0 kite shield
rNeg    . . .      Spirit   .    i - +5 plate armour
rPois   +          Reflect  .    I - +1 hat "Nihyril" {Dex+6}
rElec   .          Harm     .    k - +0 cloak
rCorr   .          Rampage  .    (no gloves)
Will    .....      Rage     9%   (no boots)
Stlth   ..........               m - amulet of regeneration
HPRegen 0.00/turn                h - ring of poison resistance
MPRegen 0.12/turn                (no ring)

@: on berserk cooldown, inhibited regen, slowed, glowing, unable to drink, very
slow
A: horns 2, retaliatory headbutt, [berserk 2], [clumsy 2], [inhibited
regeneration], ([teleportitis 2]), [no potion heal 2], [inability to drink after
injury 2]
a: no special abilities


You were on level 2 of the Abyss.
You visited 2 branches of the dungeon, and saw 11 of its levels.
You visited the Abyss 1 time.
You also visited: Ossuary.

You collected 1171 gold pieces.
You spent 180 gold pieces at shops.

Inventory:

Hand Weapons
 a - a +4 vorpal long sword (weapon)
 p - a +4 spear of flaming
Missiles
 q - 4 throwing nets (quivered)
Armour
 i - a +5 plate armour (worn)
 k - a +0 cloak (worn)
 y - a +0 kite shield (worn)
 I - the +1 hat "Nihyril" (worn) {Dex+6}
   (You bought it in a shop on level 9 of the Dungeon)

   Dex:       It affects your dexterity (+6).
Jewellery
 h - a ring of poison resistance (left hand)
 j - a ring of wizardry
 m - an amulet of regeneration (around neck)
 t - a ring of ice
 v - a +6 ring of strength
 D - a ring of fire
Wands
 o - a wand of flame (15)
 x - a wand of charming (3)
 F - a wand of mindburst (10)
Scrolls
 b - a scroll of poison
 f - 4 scrolls of teleportation
 l - 2 scrolls of amnesia
 B - a scroll of fear
Potions
 c - 3 potions of flight
 d - 4 potions of might
 g - 2 potions of lignification
 r - 3 potions of attraction
 s - a potion of cancellation
 u - a potion of curing
 w - 2 potions of haste
 z - 2 potions of brilliance
 A - 2 potions of magic
 C - a potion of mutation
 E - a potion of ambrosia {unknown}
 H - 2 potions of berserk rage


   Skills:
 + Level 9.2 Fighting
 * Level 15.7 Long Blades
 + Level 2.5 Polearms
 + Level 10.2 Armour
 + Level 0.4 Dodging
 + Level 0.8 Stealth
 + Level 9.3 Shields


You had 10 spell levels left.
You didn't know any spells.
Your spell library contained the following spells:

 Spells                   Type           Power      Damage    Failure   Level
 Static Discharge         Conj/Air       0%         3-3/arc   100%        2
 Ozocubu's Armour         Ice            0%         N/A       100%        3
 Dispel Undead            Necr           0%         3d6       100%        4
 Sticky Flame             Conj/Fire      0%         2d3       100%        4
 Ozocubu's Refrigeration  Ice            0%         4d7       100%        7


Dungeon Overview and Level Annotations

Branches:
Dungeon (10/15)            Temple (1/1) D:7            Lair (0/5) D:10
Ossuary (visited)
    Orc: D:9-12

Altars:
Ashenzari
Cheibriados
Dithmenos
Elyvilon
Fedhas
Gozag
Hepliaklqana
Kikubaaqudgha
Makhleb
Nemelex Xobeh
Okawaru
Qazlal
Ru
Sif Muna
Uskayaw
Vehumet
Wu Jian
Xom
Yredelemnul
Zin
The Shining One

Shops:
D:5 :   D:8 *   D:9 [(:[

Annotations:
D:10 Erolcha


Innate Abilities, Weirdness & Mutations

You have a pair of horns on your head.
You reflexively headbutt those who attack you in melee.
[You have an uncontrollable temper.]
[You are very clumsy. (Dex -4)]
[You do not regenerate when monsters are visible.]
[((You are often teleported next to monsters.))]
[Potions cannot restore your health.]
[You sometimes lose the ability to drink potions when taking damage.]


Message History

The iron imp is almost dead.
The iron imp hits you but does no damage.
You hit the iron imp.
You kill the iron imp!
You swing at nothing.
Sorry, you're not good enough to have a special ability.
Sorry, you're not good enough to have a special ability.
The angel shouts!
There is a corrupted altar of Lugonu here.
You kneel at the altar of Lugonu.
Sorry, you're not good enough to have a special ability.
Unknown command.
Okay, then.
Unknown command.
Okay, then.
You don't know any spells.
You hit the angel but do no damage. Your headbutt misses the angel.
The angel hits you with a +1 sacred scourge of holy wrath!
You feel threatened and lose the ability to drink potions!
The angel hits you but does no damage. You block the angel's attack.
The angel hits you but does no damage.
Unknown command.
You slash the angel!
The angel is lightly wounded.
The angel hits you with a +1 sacred scourge of holy wrath!
The angel hits you but does no damage. You block the angel's attack. x2
Unknown command.
You closely miss the angel. You headbutt the angel.
The angel is lightly wounded.
The angel hits you with a +1 sacred scourge of holy wrath!
* * * LOW HITPOINT WARNING * * *
The angel hits you but does no damage. x3
Unknown command.
You closely miss the angel. Your headbutt misses the angel.
The angel is lightly wounded.
The angel hits you with a +1 sacred scourge of holy wrath!!
* * * LOW HITPOINT WARNING * * *
The angel hits you but does no damage.
The angel hits you with a +1 sacred scourge of holy wrath.
You die...

#..# # ... .### ##
#..##... .# #.
.A.... ..## #.#
.... # .>...#.####
####.# #...#..#...
# #.._.# #._..#
..#.## ##A#.# .#
.#......###@.# #..#
..#.#.. #...#.#
.#.##.#...........#
# ...
#.......#...#.# .
... #..#..###..###
..∆##...#...## ##.#
( #. .#.. ..# ∆
....#..... ... .
#...#.... .....


You could see an angel.

Vanquished Creatures
  A hydra (D:9)
  A wretched star (Abyss:2)
  Joseph (D:8)
  Maggie (D:6)
  A komodo dragon (D:9)
  2 kobold demonologists (Abyss:2)
  A troll (D:9)
  Grinder (D:6)
  2 hornets
  2 dream sheep (D:9)
  2 large abominations (Abyss:2)
  A shadow (D:9)
  9 yaks
  A wraith (D:10)
  A wyvern (D:8)
  A ynoxinul (Abyss:2)
  2 steam dragons
  Grum (D:8)
  3 acid dragons
  Edmund (D:4)
  Duvessa (D:5)
  7 water moccasins
  2 orc warriors
  3 small abominations (Abyss:2)
  2 ice beasts
  2 black bears
  2 ogres
  2 wolves (D:8)
  3 centaurs
  8 kobold brigands
  3 bullfrogs
  3 gnoll sergeants
  4 necrophages
  4 water moccasin zombies (Ossuary)
  A scorpion (D:7)
  Dowan (D:5)
  10 killer bees
  A howler monkey (D:9)
  4 jellies
  5 orc priests
  2 hounds
  6 iguanas
  An iron imp (Abyss:2)
  Jessica (D:2)
  Terence (D:2)
  7 orc wizards
  2 mummies (Ossuary)
  17 gnolls
  11 adders
  A shadow imp (D:8)
  A white imp (D:6)
  An ufetubus (D:6)
  8 adder zombies (Ossuary)
  3 worms
  3 dart slugs
  31 orcs
  8 endoplasms
  3 giant cockroaches
  A gnoll zombie (Ossuary)
  13 goblins
  6 hobgoblins
  3 jackals (D:2)
  20 kobolds
  6 quokkas
  4 ball pythons
  4 bats
  5 frilled lizards (D:3)
  8 hobgoblin zombies (Ossuary)
  4 kobold zombies (Ossuary)
  7 orc zombies (Ossuary)
  4 rats
295 creatures vanquished.

Vanquished Creatures (others)
  2 gnolls (D:7)
  An ufetubus (Abyss:2)
  2 demonic plants (Abyss:2)
  21 fungi (D:10)
  A lurking horror (Abyss:2)
  13 plants
  6 starspawn tentacles (Abyss:2)
46 creatures vanquished.

Grand Total: 341 creatures vanquished

Notes
Turn   | Place    | Note
-------+----------+-------------------------------------------
     0 | D:1      | SensoryNuts the Minotaur Fighter began the quest for the
                  | Orb.
     0 | D:1      | Reached XP level 1. HP: 19/19 MP: 0/0
    99 | D:1      | Found a faded altar of an unknown god.
   495 | D:1      | Reached XP level 2. HP: 27/27 MP: 1/1
   879 | D:2      | Reached XP level 3. HP: 25/33 MP: 2/2
  1119 | D:2      | Noticed Terence
  1139 | D:2      | Killed Terence
  1140 | D:2      | Reached skill level 3 in Long Blades
  1424 | D:2      | Noticed Jessica
  1431 | D:2      | Killed Jessica
  1432 | D:2      | Reached XP level 4. HP: 40/40 MP: 3/3
  1640 | D:2      | Reached skill level 4 in Long Blades
  2129 | D:3      | Identified a scroll of acquirement
  2129 | D:3      | Acquired 442 gold pieces
  2254 | D:3      | Reached skill level 5 in Armour
  2254 | D:3      | Reached XP level 5. HP: 39/46 MP: 4/4
  2515 | D:3      | Found a hide-covered altar of Uskayaw.
  2819 | D:3      | Found a sparkling altar of Nemelex Xobeh.
  2888 | D:3      | Reached skill level 5 in Long Blades
  3174 | D:4      | Found a faded altar of an unknown god.
  3364 | D:4      | Reached XP level 6. HP: 53/53 MP: 5/5
  3764 | D:4      | Reached skill level 6 in Long Blades
  3891 | D:4      | Noticed Edmund
  3925 | D:4      | Killed Edmund
  4212 | D:4      | Found an ornate altar of the Wu Jian Council.
  4419 | D:5      | Entered Level 5 of the Dungeon
  4481 | D:5      | Reached XP level 7. HP: 60/60 MP: 6/6
  4523 | D:5      | Found a stormy altar of Qazlal.
  4528 | D:5      | Reached skill level 7 in Long Blades
  4532 | D:5      | Reached skill level 5 in Fighting
  4631 | D:5      | Found Touxefaz's Book Emporium.
  4789 | D:5      | Noticed Dowan
  4791 | D:5      | Noticed Duvessa
  4797 | D:5      | Killed Duvessa
  4798 | D:5      | Reached skill level 8 in Long Blades
  4805 | D:5      | Killed Dowan
  5318 | D:5      | Found a hazy altar of Hepliaklqana.
  5345 | D:5      | Found a snail-covered altar of Cheibriados.
  5476 | D:5      | Reached XP level 8. HP: 69/69 MP: 7/7
  5627 | D:6      | Reached skill level 9 in Long Blades
  5753 | D:6      | Noticed Grinder
  5769 | D:6      | Paralysed by Grinder for 2 turns
  5775 | D:6      | Killed Grinder
  5776 | D:6      | Reached skill level 10 in Long Blades
  6109 | D:6      | Identified the +7 dagger "Jellybane" {vorpal, rN++ Int-2}
  6175 | D:6      | Noticed Maggie
  6188 | D:6      | Killed Maggie
  6238 | D:6      | Reached skill level 11 in Long Blades
  6617 | D:6      | Reached XP level 9. HP: 42/75 MP: 8/8
  7323 | D:7      | Found a white marble altar of Elyvilon.
  7350 | D:7      | Found a staircase to the Ecumenical Temple.
  7360 | Temple   | Entered the Ecumenical Temple
  7577 | D:7      | Reached skill level 12 in Long Blades
  7668 | D:7      | Reached skill level 5 in Shields
  7688 | D:7      | Found a sand-covered staircase.
  7697 | Ossuary  | Entered an ossuary
  8129 | D:7      | Reached skill level 13 in Long Blades
  8442 | D:8      | Found an opulent altar of Gozag.
  8446 | D:8      | Found Gozag's Platinum Reserve.
  8636 | D:8      | Reached XP level 10. HP: 84/86 MP: 9/9
  8659 | D:8      | Reached skill level 14 in Long Blades
  8884 | D:8      | Noticed Grum
  8902 | D:8      | Killed Grum
  9136 | D:8      | Noticed Joseph
  9157 | D:8      | Killed Joseph
  9169 | D:8      | Found a basalt altar of Yredelemnul.
  9473 | D:9      | Found an iron altar of Okawaru.
  9905 | D:9      | Found Naif's Armour Shop.
  9911 | D:9      | Found Feisch's Antique Weapon Shop.
  9911 | D:9      | Found Wianlur's Antique Armour Shop.
  9911 | D:9      | Found Syruf's Book Shop.
  9919 | D:9      | Reached skill level 15 in Long Blades
 10012 | D:9      | Bought a pitted hat for 180 gold pieces
 10012 | D:9      | Identified the +1 hat "Nihyril" {Dex+6} (You bought it in a
                  | shop on level 9 of the Dungeon)
 10044 | D:9      | Noticed a three-headed hydra
 10052 | D:9      | Killed a five-headed hydra
 10053 | D:9      | Reached XP level 11. HP: 65/95 MP: 10/10
 10406 | D:10     | Entered Level 10 of the Dungeon
 10411 | D:10     | Found a staircase to the Lair.
 10431 | D:9      | Reached skill level 1 in Polearms
 10555 | D:10     | Noticed Erolcha
 10571 | Abyss:2  | Cast into level 2 of the Abyss (Erolcha)
 10700 | Abyss:2  | Noticed a tentacled starspawn
 10704 | Abyss:2  | Noticed a tentacled starspawn
 10705 | Abyss:2  | Noticed a starcursed mass
 10707 | Abyss:2  | Noticed a lich
 10712 | Abyss:2  | Noticed a large abomination
 10717 | Abyss:2  | HP: 4/97 [starcursed mass/accursed screaming (9)]
 10717 | Abyss:2  | Paralysed by accursed screaming for 1 turns
 10717 | Abyss:2  | HP: 1/97 [constriction[a tentacled starspawn] (3)]
 10752 | Abyss:2  | Found a candlelit altar of Ignis.
 10763 | Abyss:2  | Reached skill level 10 in Armour
 10785 | Abyss:2  | Found a candlelit altar of Ignis.
 10810 | Abyss:2  | Found a candlelit altar of Ignis.
 10810 | Abyss:2  | Noticed a wretched star
 10810 | Abyss:2  | Found a candlelit altar of Ignis.
 10832 | Abyss:2  | Killed a wretched star
 10845 | Abyss:2  | Found a corrupted altar of Lugonu.
 10861 | Abyss:2  | Noticed an angel
 10868 | Abyss:2  | HP: 1/97 [angel/+1 sacred scourge of holy wrath (19)]
 10868 | Abyss:2  | Slain by an angel

Illustrated notes

Levels and vault maps discovered:
D:1:      zelgadis_glass_arrival_small, layout_basic, basic_ecumenical_altar,
          hex_tiny
D:2:      layout_loops_corners, uniq_terence, uniq_jessica
D:3:      layout_loops_ring, nicolae_uskayaw_dance_hall,
          nicolae_overflow_crystal_walls, wander_ebering_terrifying_dragon_lair
D:4:      minmay_spotlight, layout_cave_pods, nzn_wu_jian_contemplation,
          serial_column_ruins, column_ruins_hut, column_ruins_temple_circle,
          column_ruins_corridor_straight, column_ruins_open_tiny_water,
          column_ruins_grid_1, column_ruins_corridor_straight,
          column_ruins_corridor_corner, uniq_edmund
D:5:      layout_basic, nicolae_qazlal_scattered_showers,
          nzn_hepliaklqana_mist_gate, kennysheep_mini_moat, serial_shops,
          shop_fountains, uniq_duvessa
D:6:      layout_cave_pools, uniq_grinder, uniq_maggie
D:7:      layout_loops_ring, nicolae_elyvilon_peaceful_grove,
          minmay_temple_entry_hall, enter_bailey_5,
          lightli_ossuary_entry_decrepit_ruins
D:8:      minmay_recursive_quarters, layout_loops_ring,
          yredelemnul_altar_generic, nicolae_gozag_zags_fifth_avenue,
          minmay_misc_feat_rows, uniq_joseph, uniq_grum
D:9:      layout_basic, mainiacjoe_overflow_brackets, minmay_shop_grid_forest,
          hangedman_ranch
D:10:     layout_rooms, tgw_trog, due_lair_maze_entry_diamond,
          gammafunk_ghost_hive, corner_web_ring, uniq_lodul, uniq_erolcha
Temple:   nicolae_temple_bog_church
Abyss:2:  base: D:3, due_exit_kobolds, hangedman_shadowy_showcase,
          due_exit_kobolds, due_exit_kobolds, evilmike_abyss_exit_15,
          evilmike_abyss_exit_plants

Skill      XL: |  1  2  3  4  5  6  7  8  9 10 11 |
---------------+----------------------------------+-----
Armour         | 4 5 6 7 9 10 | 10.2
Fighting       | 4 5 6 7 8 9 |  9.2
Long Blades    | 3 4 5 6 8 11 13 15 | 15.7
Shields        | 4 5 8 9 |  9.3
Polearms       | 2 |  2.5
Dodging        | |  0.4
Stealth        | |  0.8

Action                   |  1- 3 |  4- 6 |  7- 9 | 10-12 || total
-------------------------+-------+-------+-------+-------++-------
Melee: Long sword        |    76 |   153 |   398 |   346 ||   973
       Headbutt          |     9 |    25 |    81 |    92 ||   207
       Spear             |       |       |       |     8 ||     8
  Use: Scroll            |     3 |    15 |     8 |     4 ||    30
       Potion            |     1 |     1 |     5 |    12 ||    19
 Stab: Invisible         |       |       |       |     3 ||     3
Armor: Plate armour      |    38 |    83 |   226 |   282 ||   629
       Scale mail        |     3 |       |       |       ||     3
Dodge: Dodged            |    24 |    32 |    95 |    77 ||   228
Block: Buckler           |    15 |    26 |    32 |       ||    73
       Kite shield       |       |       |    82 |   288 ||   370

Table legend: (Time is in decaauts)
 A = Elapsed time spent in this place.
 B = Non-inter-level travel time spent in this place.
 C = Inter-level travel time spent in this place.
 D = Time resting spent in this place.
 E = Time spent auto-exploring this place.
 F = Levels seen in this place.
 G = Mean time per level.
                   A        B        C        D        E       F      G
               +--------+--------+--------+--------+--------+-----+--------+
         Total |  10841 |  10190 |    651 |    103 |   7874 |  13 |  833.9 |
       Dungeon |  10169 |   9555 |    614 |    103 |   7617 |  10 | 1016.9 |
        Temple |    211 |    174 |     37 |      0 |    163 |   1 |  211.0 |
         Abyss |    291 |    291 |      0 |      0 |     20 |   1 |  291.0 |
       Ossuary |    168 |    168 |      0 |      0 |     73 |   1 |  168.0 |
               +--------+--------+--------+--------+--------+-----+--------+

Top non-repeatable levels by time:
     D:5: 1511 daAuts
     D:2: 1390 daAuts
     D:4: 1255 daAuts
     D:6: 1213 daAuts
     D:8: 1089 daAuts
     D:3: 1038 daAuts
     D:9: 1016 daAuts
     D:7: 798 daAuts
     D:1: 768 daAuts
 Abyss:2: 291 daAuts
  Temple: 211 daAuts
 Ossuary: 168 daAuts
    D:10: 88 daAuts
